 Dungeon Crawl Stone Soup version 0.23-a0-321-g6bcb69f (webtiles) character file.

69 Ijustatesigmund the Magician (level 4, -7/27 HPs)
             Began as an Octopode Wizard on Oct 15, 2018.
             Was an Initiate of Cheibriados.
             Mangled by a wight
             ... wielding a +0 trident
              (9 damage)
             ... on level 4 of the Dungeon.
             The game lasted 00:07:59 (3951 turns).

Ijustatesigmund the Magician (Octopode Wizard)      Turns: 3951, Time: 00:08:00

Health: -7/27      AC:  2    Str:  7    XL:     4   Next: 20%
Magic:  3/8        EV: 13    Int: 26    God:    Cheibriados [......]
Gold:   171        SH:  5    Dex: 12    Spells: 3/9 levels left

rFire    . . .     SeeInvis .   d - +0 mace
rCold    . . .     Gourm    .   (no shield)
rNeg     . . .     Faith    .   a - +1 hat
rPois    .         Spirit   .   g - +5 amulet of reflection
rElec    .         Reflect  +   (no ring)
rCorr    .         Harm     .   (no ring)
MR       .....                  (no ring)
Stlth    +++.......             (no ring)
HPRegen  0.09/turn              (no ring)
MPRegen  0.11/turn              (no ring)
                                (no ring)
                                (no ring)

@: brilliant, drained, very slow
A: almost no armour, stealthy swim, amphibious, 8 rings, constrict 8, antennae
1, tentacle spike 1, camouflage 1, gelatinous body 1
a: Bend Time, Renounce Religion


You were on level 4 of the Dungeon.
You worshipped Cheibriados.
Cheibriados was noncommittal.
You were not hungry.

You visited 1 branch of the dungeon, and saw 4 of its levels.

You collected 171 gold pieces.

Inventory:

Hand Weapons
 d - a +0 mace (weapon)
Armour
 a - a +1 hat (worn)
Jewellery
 g - a +5 amulet of reflection (around mantle)
Scrolls
 e - a scroll of remove curse
Potions
 j - a potion of magic
Comestibles
 c - 6 rations


   Skills:
 - Level 2.0(1.4) Dodging
 - Level 2.6(2.1) Stealth
 - Level 3.0(2.4) Spellcasting
 - Level 3.0(2.4) Conjurations
   Level 1.0(0.4) Summonings
 + Level 1.5(1.0) Translocations
 * Level 1.4(0.8) Air Magic
 + Level 1.1(0.6) Poison Magic


You had 3 spell levels left.
You knew the following spells:

 Your Spells              Type           Power        Failure   Level  Hunger
a - Magic Dart            Conj           ####         1%          1    None
b - Blink                 Tloc           N/A          1%          2    ##.....
c - Mephitic Cloud        Conj/Pois/Air  ####....     2%          3    ###....

Your spell library contained the following spells:

 Spells                   Type           Power        Failure   Level  Hunger
 Call Imp                 Summ           ###.....     1%          2    ##.....
 Slow                     Hex            ###.....     1%          2    ##.....
 Conjure Flame            Conj/Fire      ####....     2%          3    ###....


Dungeon Overview and Level Annotations

Branches:
Dungeon (4/15)
 Temple: D:4-7

Altars:
Ashenzari
Cheibriados


Innate Abilities, Weirdness & Mutations

You cannot wear most types of armour.
You are very stealthy in the water. (Stealth+)
You are amphibious.
You can wear up to eight rings at the same time.
You can use your tentacles to constrict eight enemies at once.
Your skin changes colour to match your surroundings (Stealth+).
Your rubbery body absorbs attacks. (AC +1, EV +1)
You have a pair of small antennae on your head.
One of your tentacles bears a spike.


Message History

You constrict the wight. The wight hits you with a +3 trident.
You feel drained. You block the wight's attack.
The wight hits you from afar with a +0 trident!
* * * LOW HITPOINT WARNING * * *
The wight barely misses you.
Casting: Magic Dart (safe; 5% risk of failure)
Confirm with . or Enter, or press ? or * to list all spells.
You blink.
You lose your grip on the wight.
Casting: Blink (safe; 14% risk of failure)
Confirm with . or Enter, or press ? or * to list all spells.
You blink.
Okay, then.
It was a potion of cancellation.
Your magical effects are unravelling.
You feel magically purged.
You feel a little less agile now.
It was a potion of brilliance.
You feel clever all of a sudden.
The wight hits you from afar with a +0 trident!
You die...

#.# #.# #.#
#.# #.# #.#
#.#
#.#########
#...z.z.@.#
#########.#
.# .# .# ..
.# ##


You could see 2 wights.

Vanquished Creatures
  An adder (D:3)
  A worm (D:3)
  2 dart slugs
  4 leopard geckos
  6 bats
  A giant cockroach (D:3)
  6 goblins
  4 hobgoblins
  4 jackals (D:1)
  A quokka (D:2)
  A frilled lizard (D:1)
  6 kobolds
  10 rats
47 creatures vanquished.

Notes
Turn   | Place    | Note
-------+----------+-------------------------------------------
     0 | D:1      | Ijustatesigmund the Octopode Wizard began the quest for the
                  | Orb.
     0 | D:1      | Reached XP level 1. HP: 11/11 MP: 4/4
   376 | D:1      | Reached XP level 2. HP: 17/17 MP: 0/6
  1450 | D:1      | Reached XP level 3. HP: 18/21 MP: 4/7
  1521 | D:1      | Learned a level 2 spell: Blink
  1525 | D:1      | Learned a level 3 spell: Mephitic Cloud
  2327 | D:2      | Found a shattered altar of Ashenzari.
  2477 | D:2      | Found a snail-covered altar of Cheibriados.
  2552 | D:2      | Became a worshipper of Cheibriados the Contemplative
  2597 | D:2      | Gained mutation: You have a pair of small antennae on your
                  | head. [potion of mutation]
  2597 | D:2      | Gained mutation: One of your tentacles bears a spike.
                  | [potion of mutation]
  3120 | D:3      | Reached skill level 1 in Air Magic
  3410 | D:3      | Reached skill level 1 in Poison Magic
  3410 | D:3      | Reached XP level 4. HP: 27/27 MP: 4/8
  3951 | D:4      | Mangled by a wight

Vault maps used:
D:1:      lemuel_arrival_behind_the_door_small
D:2:      lemuel_upstairs_altar, kennysheep_slug_shrine, lemuel_doored_altar
D:3:      first_ration
D:4:      kennysheep_mini_moat, nicolae_overflow_hidden_temple,
          gup_sewer_entry_bubbles, minmay_misc_feat_ornament,
          grunt_ministairs_14

Skill      XL: |  1  2  3 |
---------------+----------+-----
Conjurations   | 2 3 |  3.0
Air Magic      | 1 |  1.4
Poison Magic   | 1 |  1.1
Dodging        | |  2.0
Stealth        | |  2.6
Spellcasting   | |  3.0
Summonings     | |  1.0
Translocations | |  1.5

Action                   |  1- 3 |  4- 6 || total
-------------------------+-------+-------++-------
Melee: Unarmed           |    14 |       ||    14
       Constrict         |     8 |     1 ||     9
       Tentacles         |     5 |       ||     5
       Short sword       |    13 |       ||    13
       Mace              |     3 |     3 ||     6
 Cast: Magic Dart        |    73 |    18 ||    91
       Blink             |       |     2 ||     2
  Use: Scroll            |    10 |       ||    10
       Potion            |     1 |     3 ||     4
  Eat: Chunk             |     7 |     3 ||    10
Armor: Skin              |     2 |       ||     2
Dodge: Dodged            |    22 |     5 ||    27
Block: Other             |       |     3 ||     3

Table legend:
 A = Non-vault XP
 B = Vault XP
 C = Vault XP percentage of total XP
 D = Non-vault monster count
 E = Vault monster count
 F = Vault count percentage of total count
                 A         B        C        D         E       F
            +---------+---------+-------+---------+---------+-------
      Total |      95 |       4 |   4.0 |      46 |       1 |   2.1
            +---------+---------+-------+---------+---------+-------
        D:1 |      52 |       0 |   0.0 |      30 |       0 |   0.0
        D:2 |      12 |       4 |  25.0 |       7 |       1 |  12.5
        D:3 |      31 |       0 |   0.0 |       9 |       0 |   0.0
            +---------+---------+-------+---------+---------+-------
